 Dungeon Crawl Stone Soup version 0.29.1-2-gbd0b4ee654 (webtiles) character file.

Game seed: 10517281190726102672

10896 hawla the Frost Mage (level 12, -2/92 HPs)
             Began as a Meteoran Ice Elementalist on Oct 29, 2022.
             Was an Initiate of Vehumet.
             Slain by a tengu reaver
             ... wielding a +2 great sword
              (19 damage)
             ... on level 14 of the Dungeon.
             The game lasted 00:29:48 (6370 turns).

hawla the Frost Mage (Meteoran Ice Elementalist)    Turns: 6370, Time: 00:29:49

Health: -2/92      AC: 10    Str: 12    XL:     12   Next: 26%
Magic:  9/27       EV: 15    Int: 20    God:    Vehumet [......]
Gold:   601        SH:  5    Dex: 15    Spells: 19/31 levels left

rFire   . . .      SeeInvis .   o - +11 short sword of the Sage {drain, Will+}
rCold   + . .      Faith    .   (no shield)
rNeg    . . .      Spirit   .   a - +0 steam dragon scales
rPois   .          Reflect  +   (no helmet)
rElec   .          Harm     .   F - +0 cloak
rCorr   .          Rampage  .   m - +2 pair of gloves
Will    ++...                   I - +0 pair of boots
Stlth   +.........              w - amulet of reflection
HPRegen 0.25/turn               k - ring of protection from cold
MPRegen 0.20/turn               q - ring of flight

@: about to teleport, freezing walls, flying, glowing
A: sense surroundings 2, otherworldly, glowing, explore regen
a: Renounce Religion


You were on level 14 of the Dungeon.
You worshipped Vehumet.
Vehumet was noncommittal.
You visited 1 branch of the dungeon, and saw 12 of its levels.

You collected 601 gold pieces.

Inventory:

Hand Weapons
 o - the +11 short sword of the Sage (weapon) {drain, Will+}
   (You took it off a hobgoblin on level 3 of the Dungeon)

   A truly terrible weapon, it drains the life of any living foe it strikes.
   Will:      It increases your willpower.
Armour
 a - +0 steam dragon scales (worn)
 h - a +0 robe of positive energy
 m - a +2 pair of gloves (worn)
 F - a +0 cloak (worn)
 I - a +0 pair of boots (worn)
Magical Staves
 E - a staff of fire
Jewellery
 e - an amulet of magic regeneration
 k - a ring of protection from cold (left hand)
 q - a ring of flight (right hand)
 w - an amulet of reflection (around neck)
 y - a ring of positive energy
Wands
 j - a wand of flame (56) (quivered)
 z - a wand of charming (4)
 C - a wand of mindburst (4)
 G - a wand of roots (13)
Scrolls
 f - 3 scrolls of enchant armour
 n - a scroll of teleportation
 r - 2 scrolls of amnesia
 D - 2 scrolls of butterflies
Potions
 b - 2 potions of magic
 c - 2 potions of degeneration
 d - a potion of heal wounds
 g - 3 potions of brilliance {unknown}
 i - 7 potions of curing
 l - 3 potions of haste {unknown}
 s - 2 potions of might
 t - a potion of berserk rage
 u - 3 potions of lignification {unknown}
 v - 4 potions of mutation {unknown}
 x - 2 potions of cancellation
Miscellaneous
 p - a phantom mirror


   Skills:
 + Level 4.7 Fighting
 + Level 7.8 Short Blades
 + Level 6.9 Dodging
 - Level 1.4 Stealth
 + Level 10.1 Spellcasting
 + Level 7.0 Conjurations
 + Level 2.0 Fire Magic
 + Level 10.3 Ice Magic
 + Level 8.2 Air Magic
 + Level 2.0 Evocations


You had 19 spell levels left.
You knew the following spells:

 Your Spells              Type           Power      Damage    Failure   Level
a - Freeze                Ice            100%       1d11      1%          1
b - Frozen Ramparts       Ice            100%       1d16      1%          3
c - Hailstorm             Conj/Ice       45%        3d10      1%          4
d - Airstrike             Air            21%        2d(4-20)  2%          4

Your spell library contained the following spells:

 Spells                   Type           Power      Damage    Failure   Level
 Magic Dart               Conj           100%       1d8       1%          1
 Poisonous Vapours        Pois/Air       52%        N/A       1%          2
 Ozocubu's Armour         Ice            51%        N/A       1%          3
 Mephitic Cloud           Conj/Pois/Air  30%        N/A       2%          3
 Lightning Bolt           Conj/Air       20%        1d35      9%          5
 Call Imp                 Summ           10%        N/A       11%         2
 Sublimation of Blood     Necr           10%        N/A       11%         2
 Wereblood                Tmut           10%        N/A       11%         2
 Summon Lightning Spire   Summ/Air       26%        N/A       13%         4
 Corpse Rot               Necr/Pois/Air  21%        N/A       22%         4
 Summon Hydra             Summ           5%         N/A       100%        7


Dungeon Overview and Level Annotations

Branches:
Dungeon (14/15) Zot: 889     Lair (0/5) D:9
 Temple: D:4-7          Orc: D:9-12      Vaults: D:13-14

Altars:
Cheibriados
Dithmenos
Fedhas
Gozag
Nemelex Xobeh
Qazlal
Sif Muna
Trog
Vehumet
Yredelemnul
Zin

Shops:
D:6 =   D:8 :   D:14 (


Innate Abilities, Weirdness & Mutations

You passively map the area around you.
You are easily found by Zot.
You glow in the dark.
You regain HP and MP as you explore.


Message History

The tengu reaver misses you.
The tengu reaver pecks you but does no damage.
The tengu reaver claws you but does no damage.
The wall freezes the centaur warrior!
Really read the scroll of poison?
Okay, then.
There are monsters nearby!
There are monsters nearby!
Okay, then.
Unknown command.
Really read the scroll of poison?
The air fills with toxic fumes!
As you read the scroll of poison, it crumbles to dust.
The wall freezes the centaur warrior!
The wall freezes the tengu reaver but does no damage.
The tengu reaver casts a spell at you. The bolt of acid hits you!!
The boulder beetle is engulfed in poison gas.
The boulder beetle is poisoned.
The wall freezes the centaur warrior.
Unknown command.
As you read the scroll of teleportation, it crumbles to dust.
You feel strangely unstable.
The boulder beetle is engulfed in poison gas.
The boulder beetle looks even sicker.
The wall freezes the boulder beetle but does no damage.
The boulder beetle stops rolling and uncurls.
The wall freezes the tengu reaver but does no damage.
The tengu reaver hits you with a +2 great sword!
* * * LOW HITPOINT WARNING * * *
The tengu reaver pecks you but does no damage.
The tengu reaver claws you but does no damage.
The wall freezes the centaur warrior.
You hit the tengu reaver. You drain the tengu reaver.
The tengu reaver is heavily wounded.
The boulder beetle is engulfed in poison gas.
The boulder beetle looks even sicker.
The wall freezes the boulder beetle!
The wall freezes the centaur warrior!
The wall freezes the tengu reaver but does no damage.
The tengu reaver hits you with a +2 great sword!!
You die...

#.#......##......###.#
#.#......##........#.#
#.#.#'############§#§####
#................§§§....#
###.#.###########§##§##.#
######.#.#..§§§§§§§§§§§.##.#
.......#.# ###§§§§§#§#####.#
########.#§#§§§§§§§§§§§###<####
........#§§§§§§@§§§§#........#
.##############Q##############
* ......Bcz.......## , ,
.....§§§W§.......#
....§§p.§§§....$.# *
...§§§.§.§§§....##
..§§§..C§§§§§...# * *
.§§§§§§§§§§§§§..# *
...............##


You could see a tengu reaver (drained), a boulder beetle (very poisoned), a
skeletal warrior, a centaur warrior, a cyclops, a freezing wraith and a wizard.

Vanquished Creatures
  A boulder beetle (D:11)
  Erica (D:8)
  Pikel (D:6)
  A manticore (D:14)
  Joseph (D:8)
  An unseen horror (D:10)
  A komodo dragon (D:9)
  A meliai (shapeshifter) (D:14)
  A hornet (D:14)
  A troll (D:10)
  2 slime creatures (D:14)
  A hog (shapeshifter) (D:14)
  11 yaks
  2 steam dragons
  A water moccasin (D:5)
  7 ice beasts
  3 orc warriors
  A black bear (D:6)
  2 sky beasts
  3 centaurs
  3 ogres
  3 lemures (D:6)
  4 bullfrogs
  2 phantoms
  A gnoll sergeant (D:9)
  4 scorpions
  13 wights
  3 killer bees (D:9)
  6 spriggan skeletons (D:10)
  A troll skeleton (D:10)
  7 howler monkeys
  A jelly (D:8)
  11 orc priests
  A gnoll bouda (D:6)
  4 hounds
  An iron imp (D:9)
  Natasha (twice) (D:2)
  4 iguanas
  7 orc wizards
  10 gnolls
  6 adders
  2 white imps
  4 ufetubi
  2 worms (D:2)
  3 dart slugs
  44 orcs
  9 ball pythons
  6 endoplasms
  2 giant cockroaches
  11 goblins
  5 hobgoblins
  6 jackals (D:2)
  8 kobolds
  5 bats
  2 frilled lizards (D:2)
  4 rats
250 creatures vanquished.

Vanquished Creatures (others)
  2 plants (D:9)
2 creatures vanquished.

Grand Total: 252 creatures vanquished

Notes
Turn   | Place    | Note
-------+----------+-------------------------------------------
     0 | D:1      | hawla the Meteoran Ice Elementalist began the quest for the
                  | Orb.
     0 | D:1      | Reached XP level 1. HP: 14/14 MP: 5/5
   151 | D:1      | Reached XP level 2. HP: 20/20 MP: 3/6
   327 | D:1      | Reached XP level 3. HP: 24/26 MP: 6/8
   331 | D:1      | Learned a level 3 spell: Frozen Ramparts
   343 | D:1      | Reached skill level 5 in Ice Magic
   500 | D:1      | Glimpsed the power of Zot.
   631 | D:2      | Reached XP level 4. HP: 31/33 MP: 8/10
   636 | D:2      | Learned a level 4 spell: Hailstorm
   856 | D:2      | Noticed Natasha
   863 | D:2      | Killed Natasha
   864 | D:2      | Reached XP level 5. HP: 20/38 MP: 2/11
  1036 | D:2      | Reached skill level 1 in Conjurations
  1081 | D:2      | Noticed Natasha
  1091 | D:2      | Killed Natasha
  1100 | D:2      | Glimpsed the power of Zot.
  1135 | D:3      | Found a bloodstained altar of Trog.
  1135 | D:3      | Found an opulent altar of Gozag.
  1136 | D:3      | Found a shimmering blue altar of Sif Muna.
  1243 | D:3      | Reached XP level 6. HP: 43/45 MP: 6/12
  1302 | D:3      | Identified the +11 short sword of the Sage {drain, Will+}
  1327 | D:3      | Noticed an ogre
  1332 | D:3      | Killed an ogre
  1420 | D:3      | Found a faded altar of an unknown god.
  1473 | D:3      | Reached skill level 5 in Conjurations
  1474 | D:3      | Reached XP level 7. HP: 32/50 MP: 5/13
  1562 | D:3      | Found a stormy altar of Qazlal.
  2201 | D:4      | Reached skill level 1 in Short Blades
  2298 | D:4      | Glimpsed the power of Zot.
  2327 | D:5      | Entered Level 5 of the Dungeon
  2357 | D:5      | Reached skill level 1 in Evocations
  2359 | D:5      | Reached XP level 8. HP: 58/58 MP: 13/15
  2423 | D:5      | Reached skill level 1 in Fighting
  2540 | D:5      | Found a glowing silver altar of Zin.
  2577 | D:5      | Reached skill level 5 in Spellcasting
  2710 | D:5      | Found a basalt altar of Yredelemnul.
  2786 | D:5      | Gained mutation: You passively map the area around you.
                  | [Meteoran growth]
  2786 | D:5      | Reached XP level 9. HP: 46/67 MP: 16/18
  2899 | D:5      | Glimpsed the power of Zot.
  2994 | D:6      | Learned a level 4 spell: Airstrike
  3051 | D:6      | Found Xyluuph's Jewellery Shoppe.
  3059 | D:6      | Reached skill level 1 in Air Magic
  3153 | D:6      | Found a shadowy altar of Dithmenos.
  3168 | D:6      | Noticed Pikel
  3176 | D:6      | Killed Pikel
  3438 | D:6      | Reached XP level 10. HP: 68/73 MP: 16/19
  3748 | D:7      | Found a sparkling altar of Nemelex Xobeh.
  4065 | D:8      | Noticed Joseph
  4067 | D:8      | Noticed Erica
  4141 | D:8      | Reached skill level 5 in Short Blades
  4223 | D:8      | Found Nigi's Tremendous Tomes.
  4234 | D:8      | Killed Joseph
  4353 | D:8      | Killed Erica
  4354 | D:8      | Reached skill level 5 in Dodging
  4354 | D:8      | Reached XP level 11. HP: 36/82 MP: 7/24
  4912 | D:9      | Found a snail-covered altar of Cheibriados.
  5171 | D:9      | Found a staircase to the Lair.
  5330 | D:9      | Glimpsed the power of Zot.
  5347 | D:10     | Entered Level 10 of the Dungeon
  5517 | D:10     | Found a blossoming altar of Fedhas.
  5565 | D:10     | Found a radiant altar of Vehumet.
  5575 | D:10     | Became a worshipper of Vehumet
  5953 | D:10     | Glimpsed the power of Zot.
  5985 | D:11     | Reached skill level 10 in Ice Magic
  5998 | D:11     | Noticed a boulder beetle
  6011 | D:11     | Killed a boulder beetle
  6012 | D:11     | Reached XP level 12. HP: 42/92 MP: 21/26
  6108 | D:11     | You are sucked into a shaft and drop 3 floors!
  6125 | D:14     | Found Fun Leus's Weapon Boutique.
  6242 | D:14     | Reached skill level 10 in Spellcasting
  6309 | D:14     | Noticed a tengu warrior
  6357 | D:14     | Noticed a tengu reaver
  6358 | D:14     | Noticed a centaur warrior
  6364 | D:14     | Noticed a boulder beetle
  6364 | D:14     | Noticed a skeletal warrior
  6366 | D:14     | Noticed a wizard
  6370 | D:14     | Slain by a tengu reaver

Illustrated notes

Levels and vault maps discovered:
D:1:      saegor_arrival_miasma, layout_basic, supply_closet_lemuel
D:2:      layout_loops_ring, minmay_heptomino_d4, uniq_natasha
D:3:      layout_rooms, nicolae_overflow_quartered_altars,
          hellmonk_ecumenical_altar_inner_sanctum
D:4:      layout_loops_ring, minmay_temple_entry_from_below_a
D:5:      layout_loops_ring, zin_treasury, overflow_temple_1_default
D:6:      layout_basic, mainiacjoe_overflow_paths, serial_shops, shop,
          uniq_pikel
D:7:      layout_rooms, nemelex_diamond_rough_becter
D:8:      layout_loops_ring, minmay_splitting_lines,
          nicolae_shop_i_like_big_books, wad_rectangle_vault, uniq_joseph,
          uniq_erica
D:9:      layout_long_grid, slow_altar_1, david_lair_shrubbed
D:10:     layout_basic, fedhas_altar_2, nicolae_vehumet_altar_sigil,
          minivault_25, hangedman_tell_no_tales
D:11:     layout_stronghold, gammafunk_ghost_icy, kennysheep_generic_room_5
D:14:     hourglass_vault, layout_basic, david_vaults_4, serial_park_square2,
          serial_shops, nicolae_take_the_stairs,
          onia_ninara_dug_in_and_dangerous

Skill      XL: |  1  2  3  4  5  6  7  8  9 10 11 12 |
---------------+-------------------------------------+-----
Spellcasting   | 3 4 5 8 9 10 | 10.1
Ice Magic      | 5 6 7 8 10 | 10.3
Conjurations   | 3 5 6 7 |  7.0
Short Blades   | 1 3 4 6 7 |  7.8
Evocations     | 2 |  2.0
Dodging        | 3 5 6 |  6.9
Fighting       | 1 2 3 4 |  4.7
Air Magic      | 7 8 |  8.2
Fire Magic     | 2 |  2.0
Stealth        | |  1.4

Action                   |  1- 3 |  4- 6 |  7- 9 | 10-12 || total
-------------------------+-------+-------+-------+-------++-------
Melee: Unarmed           |     7 |    17 |       |       ||    24
       Short sword       |       |    12 |    97 |   269 ||   378
       Punch             |       |       |     1 |     7 ||     8
 Cast: Freeze            |    28 |    19 |     6 |     4 ||    57
       Frozen Ramparts   |     5 |    18 |    15 |    34 ||    72
       Hailstorm         |       |     9 |    18 |    39 ||    66
       Airstrike         |       |       |     2 |     4 ||     6
  Use: Scroll            |     3 |     4 |     2 |    16 ||    25
       Potion            |       |       |       |     2 ||     2
Armor: Robe              |     4 |    17 |    30 |    40 ||    91
       Steam dragon scal |       |       |       |    58 ||    58
Dodge: Dodged            |    17 |    22 |    50 |   144 ||   233
Block: Other             |       |       |       |    26 ||    26
       Reflection        |       |       |       |     2 ||     2
